 Dungeon Crawl Stone Soup version 0.29.1-12-g30fa7ad0bf (webtiles) character file.

Game seed: 9020276844878269988

746 Maria the Insei (level 7, 0/50 HPs)
             Began as a Grey Draconian Transmuter on Jan 18, 2023.
             Was a Follower of Nemelex Xobeh.
             Slain by a phantom (4 damage)
             ... on level 5 of the Dungeon.
             The game lasted 00:18:05 (3196 turns).

Maria the Insei (Grey Draconian Transmuter)         Turns: 3196, Time: 00:18:06

Health: 0/50       AC: 14    Str: 12    XL:     7   Next: 48%
Magic:  8/11       EV: 12    Int: 15    God:    Nemelex Xobeh [*.....]
Gold:   22         SH:  0    Dex: 12    Spells: 0/12 levels left

rFire   . . .      SeeInvis .   l - +1 quarterstaff (vorpal)
rCold   . . .      Faith    .   (shield currently unavailable)
rNeg    . . .      Spirit   .   (body armour unavailable)
rPois   .          Reflect  .   (helmet restricted)
rElec   .          Harm     .   b - scarf {shadows}
rCorr   .          Rampage  .   (no gloves)
Will    +....                   f - +2 pair of boots
Stlth   ++........              (no amulet)
HPRegen 0.16/turn               (no ring)
MPRegen 0.12/turn               (no ring)

@: wereblooded
A: AC +11, amphibious, unfitting armour, cold-blooded, frail 1, strong-willed 1
a: Renounce Religion, Draw Escape, Draw Destruction, Draw Summoning


You were on level 5 of the Dungeon.
You worshipped Nemelex Xobeh.
Nemelex Xobeh was aware of your devotion.
You visited 1 branch of the dungeon, and saw 5 of its levels.

You collected 182 gold pieces.
You spent 160 gold pieces at shops.

Inventory:

Hand Weapons
 j - a +2 dagger of venom
 l - a +1 vorpal quarterstaff (weapon)
Armour
 b - a scarf of shadows (worn)
 f - a +2 pair of boots (worn)
Wands
 g - a wand of flame (13)
Scrolls
 e - a scroll of noise {unknown}
 k - a scroll of summoning
 o - a scroll of poison
 p - a scroll of enchant armour {unknown}
 q - a scroll of blinking {unknown}
 r - a scroll of teleportation {unknown}
Potions
 a - 2 potions of lignification
 c - 2 potions of degeneration
 d - a potion of resistance
 i - a potion of heal wounds
 m - a potion of flight {unknown}


   Skills:
 * Level 2.9 Fighting
 * Level 1.9 Short Blades
 * Level 1.7 Staves
 * Level 3.0 Dodging
 * Level 1.9 Stealth
 * Level 4.4 Unarmed Combat
 * Level 3.3 Spellcasting
 * Level 3.5 Transmutations
 * Level 0.2 Ice Magic
 * Level 0.1 Air Magic
 * Level 1.7 Poison Magic
 * Level 0.2 Invocations
 * Level 2.0 Evocations


You couldn't memorise any spells.
You knew the following spells:

 Your Spells              Type           Power      Damage    Failure   Level
a - Beastly Appendage     Tmut           26%        N/A       4%          1
b - Wereblood             Tmut           13%        N/A       7%          2
c - Spider Form           Tmut/Pois      10%        N/A       21%         3
d - Ice Form              Ice/Tmut       8%         N/A       65%         4
e - Poisonous Vapours     Pois/Air       10%        N/A       21%         2

Your spell library contained the following spells:

 Spells                   Type           Power      Damage    Failure   Level
 Corpse Rot               Necr/Pois/Air  4%         N/A       83%         4


Dungeon Overview and Level Annotations

Branches:
Dungeon (5/15)
 Temple: D:4-7

Altars:
Ashenzari
Dithmenos
Kikubaaqudgha
Nemelex Xobeh
Uskayaw
Vehumet
The Shining One

Shops:
D:1 *   D:4 =


Innate Abilities, Weirdness & Mutations

Your dull iron-grey scales are very hard. (AC +11)
You are amphibious.
You cannot fit into any form of body armour.
You are cold-blooded and may be slowed by cold attacks.
You are frail. (-10% HP)
You are strong-willed. (Will+)


Message History

The river rat bites you but does no damage.
The phantom hits you but does no damage.
You barely miss the river rat. Your headbutt misses the river rat.
The river rat barely misses you.
The phantom hits you but does no damage.
Your magical contamination has completely faded away.
You closely miss the river rat. Your kick misses the river rat.
You tail-slap the river rat.
The river rat is moderately wounded.
Your horns disappear.
Your talons disappear.
Your +2 pair of boots unmelds from your body.
The river rat misses you. The phantom hits you.
* * * LOW HITPOINT WARNING * * *
You barely miss the river rat.
The river rat is moderately wounded.
The river rat bites you but does no damage.
The phantom hits you but does no damage.
The phantom closely misses you. The river rat barely misses you.
You hit the river rat. You tail-slap the river rat.
The river rat is almost dead.
The river rat barely misses you. The phantom hits you.
* * * LOW HITPOINT WARNING * * *
The phantom blinks!
You blink.
Unknown command.
You closely miss the phantom.
The phantom is moderately damaged.
The phantom hits you.
* * * LOW HITPOINT WARNING * * *
The phantom blinks!
You blink.
The phantom hits you but does no damage.
You barely miss the phantom.
The phantom is moderately damaged.
The phantom hits you.
* * * LOW HITPOINT WARNING * * *
You hit the phantom.
The phantom is heavily damaged.
The phantom hits you but does no damage.
The phantom hits you.
You die...
Your body disappears without a glow.

........♣.. ......♣.♣
### #.....P♣
###.#######.....P♣.gP
#..............♣♣Pg..
#...............P..P.
#................♣...
#......W.)......P♣P#
#......@.........P..
#............<...PP.
#...##.##########♣...
#>).##.# .#.
#########)..).....
#....)..).........
#.................
#.................
#...........$.....


You could see a phantom.

Vanquished Creatures
  Sigmund (D:3)
  Edmund (D:4)
  A necrophage (D:4)
  A scorpion (D:4)
  A gnoll bouda (D:5)
  An orc priest (D:3)
  3 orc wizards
  Robin (D:4)
  4 gnolls (D:5)
  3 adders
  5 dart slugs
  15 orcs
  6 ball pythons
  7 bats
  6 endoplasms
  11 giant cockroaches
  18 goblins
  11 hobgoblins
  2 jackals (D:4)
  3 quokkas
  3 frilled lizards
  6 kobolds
  5 rats
115 creatures vanquished.

Vanquished Creatures (collateral kills)
  A ball python (D:1)
1 creature vanquished.

Vanquished Creatures (others)
  37 plants (D:5)
37 creatures vanquished.

Grand Total: 153 creatures vanquished

Notes
Turn   | Place    | Note
-------+----------+-------------------------------------------
     0 | D:1      | Maria the Draconian Transmuter began the quest for the Orb.
     0 | D:1      | Reached XP level 1. HP: 16/16 MP: 3/3
    88 | D:1      | Reached XP level 2. HP: 13/23 MP: 3/5
   255 | D:1      | Learned a level 2 spell: Wereblood
   828 | D:2      | Reached XP level 3. HP: 28/28 MP: 6/6
   846 | D:2      | Learned a level 3 spell: Spider Form
   864 | D:3      | Noticed Sigmund
   869 | D:3      | Killed Sigmund
   870 | D:3      | Reached skill level 1 in Stealth
   870 | D:3      | Reached XP level 4. HP: 34/36 MP: 7/7
   870 | D:3      | Reached XP level 5. HP: 39/41 MP: 8/8
   879 | D:3      | Reached skill level 1 in Evocations
   880 | D:3      | Reached skill level 4 in Unarmed Combat
   995 | D:3      | Reached skill level 1 in Poison Magic
  1046 | D:4      | Reached skill level 1 in Short Blades
  1066 | D:4      | Reached XP level 6. HP: 25/48 MP: 8/10
  1279 | D:4      | Found a sparkling altar of Nemelex Xobeh.
  1282 | D:4      | Became a worshipper of Nemelex Xobeh the Trickster
  1316 | D:4      | Found a broken altar of Ashenzari.
  1379 | D:4      | Noticed Edmund
  1451 | D:4      | Found Goererat's Jewellery Emporium.
  1542 | D:4      | Killed Edmund
  1543 | D:4      | Reached skill level 1 in Staves
  1642 | D:4      | Noticed Robin
  1650 | D:4      | Your scales start taking on a dull iron-grey colour.
  1650 | D:4      | Reached XP level 7. HP: 43/56 MP: 8/11
  1653 | D:4      | Killed Robin
  1660 | D:4      | Found a hide-covered altar of Uskayaw.
  1992 | D:3      | Found a radiant altar of Vehumet.
  2068 | D:3      | Found a glowing golden altar of the Shining One.
  2068 | D:3      | Found a shadowy altar of Dithmenos.
  2138 | D:3      | Reached * piety under Nemelex Xobeh
  2220 | D:3      | Found an ancient bone altar of Kikubaaqudgha.
  2318 | D:3      | Gained mutation: You have an increased reservoir of magic.
                  | (+10% MP) [potion of mutation]
  2319 | D:3      | Lost mutation: You have an increased reservoir of magic.
                  | (+10% MP) [potion of mutation]
  2319 | D:3      | Gained mutation: You are frail. (-10% HP) [potion of
                  | mutation]
  2319 | D:3      | Gained mutation: You are strong-willed. (Will+) [potion of
                  | mutation]
  2532 | D:2      | Learned a level 4 spell: Ice Form
  2867 | D:1      | Found Fuimes's General Store.
  2896 | D:1      | Bought a book of Vapours for 160 gold pieces
  2899 | D:1      | Learned a level 2 spell: Poisonous Vapours
  3063 | D:5      | Entered Level 5 of the Dungeon
  3088 | D:5      | Received a gift from Nemelex Xobeh
  3196 | D:5      | Slain by a phantom

Illustrated notes

Levels and vault maps discovered:
D:1:      amcnicky_arrival_single_pillar, layout_rooms, serial_shops,
          nicolae_shop_advertising_works [nicolae_subvault_shop_adworks]
D:2:      layout_basic
D:3:      layout_rooms, amcnicky_altar_gilded, nicolae_overflow_hidden_temple,
          chequers_temple_overflow_statue_of_worship, uniq_sigmund
D:4:      layout_rooms, kennysheep_mini_moat, nicolae_uskayaw_suspiria,
          nicolae_ashenzari_panopticon, serial_shops, shop, uniq_robin,
          uniq_edmund
D:5:      wad_woods_stonehenge, layout_gridville, lemuel_coloured_pillars_altar,
          minmay_manual_moon, uniq_blork_the_orc

Skill      XL: |  1  2  3  4  5  6  7 |
---------------+----------------------+-----
Dodging        | 2 3 |  3.0
Fighting       | 2 |  2.9
Stealth        | 1 |  1.9
Evocations     | 1 2 |  2.0
Unarmed Combat | 4 |  4.4
Poison Magic   | 1 |  1.7
Short Blades   | 1 |  1.9
Transmutations | 3 |  3.5
Staves         | 1 |  1.7
Spellcasting   | 3 |  3.3
Ice Magic      | |  0.2
Air Magic      | |  0.1
Invocations    | |  0.2

Action                   |  1- 3 |  4- 6 |  7- 9 || total
-------------------------+-------+-------+-------++-------
Melee: Unarmed           |    45 |    22 |    26 ||    93
       Kick              |    13 |     6 |     2 ||    21
       Headbutt          |     4 |     3 |       ||     7
       Tailslap          |     1 |     6 |     9 ||    16
       Dagger            |     1 |     3 |       ||     4
       Quarterstaff      |       |    37 |    38 ||    75
 Cast: Beastly Appendage |    12 |     5 |     2 ||    19
       Spider Form       |       |     6 |     7 ||    13
       Wereblood         |       |     3 |     3 ||     6
Evoke: Wand              |     2 |     4 |    15 ||    21
  Use: Scroll            |     2 |     2 |     4 ||     8
       Potion            |     1 |     1 |     4 ||     6
 Stab: Sleeping          |     1 |       |       ||     1
Armor: Skin              |    18 |    22 |    27 ||    67
Dodge: Dodged            |    30 |    57 |    84 ||   171
